 Dungeon Crawl Stone Soup version 0.29-a0-275-g389c0b56f3 (webtiles) character file.

Game seed: 10167624816127510081

4177 Ajdolov the Spear-Bearer (level 10, -7/79 (82) HPs)
             Began as a Gnoll Cinder Acolyte on Mar 12, 2022.
             Was a High Priest of Ignis.
             Mangled by an eight-headed hydra (13 damage)
             ... on level 9 of the Dungeon.
             The game lasted 00:11:46 (9461 turns).

Ajdolov the Spear-Bearer (Gnoll Cinder Acolyte)     Turns: 9461, Time: 00:11:47

HP:   -7/79 (82)    AC: 11    Str: 19    XL:     10   Next: 28%
MP:   0/18          EV: 12    Int: 24    God:    Ignis [*****.]
Gold: 93            SH:  0    Dex:  8    Spells: 18/20 levels left

rFire   + + .      SeeInvis .   v - +8 rapier "Esioll" {venom, Stlth+}
rCold   . . .      Faith    .   (no shield)
rNeg    . . .      Spirit   .   p - +2 leather armour {rF+}
rPois   .          Reflect  .   w - +0 helmet
rElec   .          Harm     .   q - +0 cloak
rCorr   .          Rampage  .   H - +2 pair of gloves
Will    .....                   (no boots)
Stlth   +++.......              (no amulet)
HPRegen 0.23/turn               m - +6 ring of intelligence
MPRegen 0.16/turn               a - +6 ring of strength

@: hasted, lightly drained, very quick
A: fangs 1, strong nose, distributed training
a: Renounce Religion, Fiery Armour, Foxfire Swarm, Rising Flame


You were on level 9 of the Dungeon.
You worshipped Ignis.
Ignis was extremely pleased with you.
You visited 1 branch of the dungeon, and saw 9 of its levels.

You collected 340 gold pieces.
You spent 247 gold pieces at shops.

Inventory:

Hand Weapons
 s - a +0 spear of flaming
 v - the +8 rapier "Esioll" (weapon) {venom, Stlth+}
   (You found it on level 4 of the Dungeon)

   It poisons the flesh of those it strikes.
   Stlth:     It makes you more stealthy.
Missiles
 i - 4 boomerangs
Armour
 j - +0 ice dragon scales
 p - a +2 leather armour of fire resistance (worn)
 q - a +0 cloak (worn)
 w - a +0 helmet (worn)
 H - a +2 pair of gloves (worn)
Jewellery
 a - a +6 ring of strength (right hand)
 m - a +6 ring of intelligence (left hand)
 y - a ring of willpower
 B - a +4 ring of protection
 C - a ring of see invisible
 G - a +4 ring of evasion
Wands
 o - a wand of paralysis (3)
 t - a wand of flame (29)
 A - a wand of digging (5)
 E - a wand of iceblast (5)
Scrolls
 b - a scroll of blinking {unknown}
 e - a scroll of magic mapping {unknown}
 f - a scroll of enchant weapon {unknown}
 l - 6 scrolls of teleportation {unknown}
 n - 2 scrolls of identify {unknown}
 x - a scroll of fog {unknown}
 z - a scroll of immolation {unknown}
 F - a scroll of torment {unknown}
Potions
 d - a potion of haste
 g - 2 potions of heal wounds
 h - a potion of magic {unknown}
 k - a potion of degeneration {unknown}
 r - a potion of brilliance {unknown}
 u - 5 potions of curing {unknown}
 D - 2 potions of lignification {unknown}


   Skills:
 + Level 8.4 Fighting
 + Level 5.1 Short Blades
 + Level 5.1 Long Blades
 + Level 5.1 Axes
 + Level 5.1 Maces & Flails
 + Level 8.4 Polearms
 + Level 5.1 Staves
 + Level 5.1 Slings
 + Level 5.1 Bows
 + Level 5.1 Crossbows
 + Level 5.1 Throwing
 + Level 5.1 Armour
 + Level 5.1 Dodging
 + Level 5.1 Stealth
 + Level 5.1 Shields
 + Level 5.1 Unarmed Combat
 + Level 5.9 Spellcasting
 + Level 4.2 Conjurations
 + Level 4.2 Hexes
 + Level 4.2 Summonings
 + Level 4.2 Necromancy
 + Level 4.2 Translocations
 + Level 4.2 Transmutations
 + Level 7.0 Fire Magic
 + Level 4.2 Ice Magic
 + Level 4.2 Air Magic
 + Level 4.2 Earth Magic
 + Level 4.2 Poison Magic
 + Level 5.6 Invocations
 + Level 5.1 Evocations


You had 18 spell levels left.
You knew the following spells:

 Your Spells              Type           Power      Damage    Failure   Level
a - Scorch                Fire           80%        2d9       1%          2

Your spell library contained the following spells:

 Spells                   Type           Power      Damage    Failure   Level
 Blink                    Tloc           54%        N/A       2%          2
 Ignite Poison            Fire/Tmut/Pois 32%        N/A       3%          3
 Gell's Gravitas          Tloc           27%        N/A       4%          3
 Lesser Beckoning         Tloc           27%        N/A       4%          3
 Mephitic Cloud           Conj/Pois/Air  27%        N/A       4%          3
 Teleport Other           Tloc           27%        N/A       4%          3
 Tukima's Dance           Hex            27%        N/A       4%          3
 Anguish                  Hex/Necr       13%        N/A       16%         4
 Fulminant Prism          Conj/Hex       13%        3d9       16%         4
 Iskenderun's Mystic Bla  Conj/Tloc      27%        2d7       16%         4
 Freezing Cloud           Conj/Ice/Air   13%        6-21      41%         5
 Lee's Rapid Deconstruct  Erth           13%        3d10*     41%         5
 Manifold Assault         Tloc           27%        N/A       41%         5
 Dispersal                Tloc           13%        N/A       94%         6
 Enfeeble                 Hex            13%        N/A       100%        7


Dungeon Overview and Level Annotations

Branches:
Dungeon (9/15)             Temple (0/1) D:5
   Lair: D:8-11         Orc: D:9-12

Altars:
Ashenzari
Elyvilon
Kikubaaqudgha
Vehumet

Shops:
D:8 [[

Annotations:
D:3 1 runed translucent door, Crazy Yiuf
D:9 1 runed translucent door, RoseArtemis's ghost, novice DrIE


Innate Abilities, Weirdness & Mutations

You have very sharp teeth.
Your uncanny sense of smell can sniff out nearby items.
Your experience applies equally to all skills.


Message History

* * * LOW HITPOINT WARNING * * *
The eight-headed hydra bites you.
* * * LOW HITPOINT WARNING * * *
The eight-headed hydra bites you.
* * * LOW HITPOINT WARNING * * *
The eight-headed hydra barely misses you.
The eight-headed hydra bites you.
* * * LOW HITPOINT WARNING * * *
The eight-headed hydra bites you.
* * * LOW HITPOINT WARNING * * *
The eight-headed hydra bites you.
* * * LOW HITPOINT WARNING * * *
You feel much better. The eight-headed hydra bites you.
The eight-headed hydra bites you but does no damage. x3
The eight-headed hydra bites you!
The eight-headed hydra closely misses you.
The eight-headed hydra bites you.
* * * LOW HITPOINT WARNING * * *
The eight-headed hydra bites you but does no damage.
Things that are here:
a +2 scimitar; a +0 robe You are too injured to fight recklessly!
Casting: Scorch (safe; 1% risk of failure)
Confirm with . or Enter, or press ? or * to list all spells.
Flames lash the eight-headed hydra.
The eight-headed hydra is burned terribly!
The eight-headed hydra is severely wounded.
Casting: Scorch (safe; 1% risk of failure)
Confirm with . or Enter, or press ? or * to list all spells.
Flames lash the eight-headed hydra.
The eight-headed hydra is burned terribly!
The eight-headed hydra is almost dead.
The eight-headed hydra bites you!
* * * LOW HITPOINT WARNING * * *
The eight-headed hydra barely misses you.
The eight-headed hydra bites you!
* * * LOW HITPOINT WARNING * * *
The eight-headed hydra bites you but does no damage.
The eight-headed hydra bites you!
You die...

#### #####..## #
#.##....# #.
##.......###
#..#....@.....#
∆
#......)D.....#
#..)...)†..##.##
#..##..#..###..#
# #..
#..#..##..##.##


z.z .........#.....## .##.###.#.....#......## # # #.##.....#......#
#..##....###....# You could see an eight-headed hydra (combustible).

Vanquished Creatures
  Pikel (D:7)
  A troll (D:9)
  Grinder (D:5)
  A water moccasin (D:7)
  An orc warrior (D:8)
  2 ice beasts (D:7)
  2 sky beasts
  An ogre (D:5)
  A centaur (D:8)
  A phantom (D:6)
  3 lemures (D:7)
  A kobold brigand (D:7)
  6 bullfrogs
  5 scorpions
  2 necrophages (D:6)
  8 wights
  A howler monkey (D:6)
  A gnoll shaman (D:7)
  6 hounds
  A jelly (D:7)
  3 orc priests (D:8)
  Jessica (D:3)
  Ijyb (D:3)
  11 iguanas
  9 orc wizards
  9 gnolls
  10 adders
  A shadow imp (D:6)
  2 white imps (D:7)
  4 worms
  5 dart slugs
  19 orcs
  5 ball pythons
  3 endoplasms
  4 giant cockroaches
  5 goblins
  3 quokkas
  3 bats (D:2)
  4 frilled lizards
  11 kobolds
  6 rats
165 creatures vanquished.

Vanquished Creatures (others)
  4 plants (D:9)
4 creatures vanquished.

Grand Total: 169 creatures vanquished

Notes
Turn   | Place    | Note
-------+----------+-------------------------------------------
     0 | D:1      | Ajdolov the Gnoll Cinder Acolyte began the quest for the
                  | Orb.
     0 | D:1      | Reached XP level 1. HP: 23/23 MP: 4/4
    91 | D:1      | Noticed a great orb of eyes
    94 | D:1      | Noticed a floating eye
    97 | D:1      | Found a faded altar of an unknown god.
    99 | D:1      | Noticed a shining eye
    99 | D:1      | Noticed a shining eye
   181 | D:1      | Reached XP level 2. HP: 20/29 MP: 5/5
   676 | D:2      | Reached XP level 3. HP: 34/35 MP: 7/7
   679 | D:2      | Learned a level 2 spell: Scorch
   849 | D:2      | Reached skill level 1 in Invocations
  1098 | D:2      | Reached skill level 1 in Short Blades
  1098 | D:2      | Reached skill level 1 in Long Blades
  1098 | D:2      | Reached skill level 1 in Axes
  1098 | D:2      | Reached skill level 1 in Maces & Flails
  1098 | D:2      | Reached skill level 1 in Staves
  1098 | D:2      | Reached skill level 1 in Slings
  1098 | D:2      | Reached skill level 1 in Bows
  1098 | D:2      | Reached skill level 1 in Crossbows
  1098 | D:2      | Reached skill level 1 in Throwing
  1098 | D:2      | Reached skill level 1 in Armour
  1098 | D:2      | Reached skill level 1 in Dodging
  1098 | D:2      | Reached skill level 1 in Stealth
  1098 | D:2      | Reached skill level 1 in Shields
  1098 | D:2      | Reached skill level 1 in Unarmed Combat
  1098 | D:2      | Reached skill level 1 in Evocations
  1403 | D:2      | Reached XP level 4. HP: 41/41 MP: 5/8
  1571 | D:2      | Reached skill level 1 in Conjurations
  1571 | D:2      | Reached skill level 1 in Hexes
  1571 | D:2      | Reached skill level 1 in Summonings
  1571 | D:2      | Reached skill level 1 in Necromancy
  1571 | D:2      | Reached skill level 1 in Translocations
  1571 | D:2      | Reached skill level 1 in Transmutations
  1571 | D:2      | Reached skill level 1 in Ice Magic
  1571 | D:2      | Reached skill level 1 in Air Magic
  1571 | D:2      | Reached skill level 1 in Earth Magic
  1571 | D:2      | Reached skill level 1 in Poison Magic
  2063 | D:3      | Found a runed translucent door.
  2064 | D:3      | Noticed Crazy Yiuf
  2141 | D:3      | Noticed Jessica
  2144 | D:3      | Killed Jessica
  2145 | D:3      | Reached XP level 5. HP: 47/47 MP: 4/9
  2275 | D:3      | Noticed Ijyb
  2284 | D:3      | Paralysed by Ijyb for 2 turns
  2289 | D:3      | Killed Ijyb
  2406 | D:3      | You fall into a shaft and drop 3 floors!
  2515 | D:6      | Reached XP level 6. HP: 39/53 MP: 0/11
  2618 | D:6      | Noticed a sky beast
  2628 | D:6      | Killed a sky beast
  2691 | D:5      | Entered Level 5 of the Dungeon
  2784 | D:5      | Reached XP level 7. HP: 56/59 MP: 4/12
  3491 | D:4      | Identified the +8 rapier "Esioll" {venom, Stlth+}
  3776 | D:4      | Found an ancient bone altar of Kikubaaqudgha.
  3824 | D:5      | Found a staircase to the Ecumenical Temple.
  3824 | D:5      | Noticed Grinder
  3828 | D:5      | Paralysed by Grinder for 4 turns
  3845 | D:5      | Paralysed by Grinder for 5 turns
  3851 | D:5      | Killed Grinder
  4143 | D:5      | Reached XP level 8. HP: 67/67 MP: 11/14
  6061 | D:7      | Noticed Pikel
  6099 | D:7      | Killed Pikel
  6100 | D:7      | Reached skill level 5 in Spellcasting
  6100 | D:7      | Reached XP level 9. HP: 34/74 MP: 13/16
  6529 | D:7      | Found a radiant altar of Vehumet.
  7368 | D:7      | Identified the +4 war axe "Eviscerator" {flame, rCorr Str+2
                  | Int-5 Dex+7}
  7675 | D:7      | Reached skill level 5 in Invocations
  7983 | D:8      | Found a large runed translucent door.
  7983 | D:8      | Found a large runed translucent door.
  8295 | D:8      | Reached XP level 10. HP: 64/79 MP: 8/18
  8695 | D:8      | Found Lepom's Antique Armour Emporium.
  8744 | D:8      | Found Joewie's Antique Armour Boutique.
  8759 | D:8      | Reached skill level 5 in Short Blades
  8759 | D:8      | Reached skill level 5 in Long Blades
  8759 | D:8      | Reached skill level 5 in Axes
  8759 | D:8      | Reached skill level 5 in Maces & Flails
  8759 | D:8      | Reached skill level 5 in Staves
  8759 | D:8      | Reached skill level 5 in Slings
  8759 | D:8      | Reached skill level 5 in Bows
  8759 | D:8      | Reached skill level 5 in Crossbows
  8759 | D:8      | Reached skill level 5 in Throwing
  8759 | D:8      | Reached skill level 5 in Armour
  8759 | D:8      | Reached skill level 5 in Dodging
  8759 | D:8      | Reached skill level 5 in Stealth
  8759 | D:8      | Reached skill level 5 in Shields
  8759 | D:8      | Reached skill level 5 in Unarmed Combat
  8759 | D:8      | Reached skill level 5 in Evocations
  8782 | D:8      | Bought a pair of glowing gloves for 247 gold pieces
  9068 | D:8      | Found a broken altar of Ashenzari.
  9083 | D:8      | Found a white marble altar of Elyvilon.
  9370 | D:9      | Noticed RoseArtemis's ghost (novice DrIE)
  9370 | D:9      | Found a runed translucent door.
  9447 | D:9      | Noticed an eight-headed hydra
  9461 | D:9      | Mangled by an eight-headed hydra

Illustrated notes

Levels and vault maps discovered:
D:1:      wander_arrival_estate, layout_rooms,
          hellmonk_ecumenical_altar_watching_god
D:2:      layout_basic, glass_columns_c, eino_curves_02,
          kennysheep_generic_room_11
D:3:      layout_loops_cross, skrybe_limestone_x, minmay_stone_trees_small,
          uniq_crazy_yiuf_cottage, uniq_ijyb, uniq_jessica
D:4:      layout_loops_ring, kennysheep_mini, hex_medium
D:5:      layout_rooms, minmay_temple_entry_hall, nicolae_figureground_sparkle,
          uniq_grinder
D:6:      kennysheep_spiral_hall, layout_loops_corners
D:7:      layout_basic, vehumet_crystals, hangedman_glass_teeth, uniq_pikel
D:8:      layout_loops_corners, jmf_multi_god_temple2, serial_shops,
          nicolae_shop_crystal, kennysheep_small_square
D:9:      layout_cave_pools, gammafunk_ghost_grave, minmay_shattered_shrine,
          uniq_psyche, uniq_amaemon, uniq_grum

Skill      XL: |  1  2  3  4  5  6  7  8  9 10 |
---------------+-------------------------------+-----
Invocations    | 1 2 3 4 5 |  5.6
Short Blades   | 1 2 4 5 |  5.1
Long Blades    | 1 2 4 5 |  5.1
Axes           | 1 2 4 5 |  5.1
Maces & Flails | 1 2 4 5 |  5.1
Staves         | 1 2 4 5 |  5.1
Slings         | 1 2 4 5 |  5.1
Bows           | 1 2 4 5 |  5.1
Crossbows      | 1 2 4 5 |  5.1
Throwing       | 1 2 4 5 |  5.1
Armour         | 1 2 4 5 |  5.1
Dodging        | 1 2 4 5 |  5.1
Stealth        | 1 2 4 5 |  5.1
Shields        | 1 2 4 5 |  5.1
Unarmed Combat | 1 2 4 5 |  5.1
Evocations     | 1 2 4 5 |  5.1
Spellcasting   | 3 4 5 |  5.9
Conjurations   | 1 2 3 4 |  4.2
Hexes          | 1 2 3 4 |  4.2
Summonings     | 1 2 3 4 |  4.2
Necromancy     | 1 2 3 4 |  4.2
Translocations | 1 2 3 4 |  4.2
Transmutations | 1 2 3 4 |  4.2
Ice Magic      | 1 2 3 4 |  4.2
Air Magic      | 1 2 3 4 |  4.2
Earth Magic    | 1 2 3 4 |  4.2
Poison Magic   | 1 2 3 4 |  4.2
Fighting       | 7 8 |  8.4
Polearms       | 7 8 |  8.4
Fire Magic     | 6 7 |  7.0

Action                   |  1- 3 |  4- 6 |  7- 9 | 10-12 || total
-------------------------+-------+-------+-------+-------++-------
Melee: Spear             |    87 |    23 |    55 |       ||   165
       Bite              |     1 |     1 |    20 |    10 ||    32
       Punch             |     1 |       |     9 |     2 ||    12
       Rapier            |       |       |   198 |    51 ||   249
Throw: Boomerang         |     4 |       |       |       ||     4
 Cast: Scorch            |     8 |    34 |    84 |    15 ||   141
  Use: Potion            |     1 |       |       |     5 ||     6
 Stab: Sleeping          |       |     2 |     3 |       ||     5
       Distracted        |       |       |     1 |       ||     1
Armor: Robe              |     9 |     3 |       |       ||    12
       Leather armour    |       |     6 |    66 |    40 ||   112
Dodge: Dodged            |    30 |     9 |   125 |    66 ||   230

Table legend: (Time is in decaauts)
 A = Elapsed time spent in this place.
 B = Non-inter-level travel time spent in this place.
 C = Inter-level travel time spent in this place.
 D = Time resting spent in this place.
 E = Time spent auto-exploring this place.
 F = Levels seen in this place.
 G = Mean time per level.
                   A        B        C        D        E       F      G
               +--------+--------+--------+--------+--------+-----+--------+
         Total |   9433 |   9233 |    200 |    916 |   7011 |   9 | 1048.1 |
       Dungeon |   9433 |   9233 |    200 |    916 |   7011 |   9 | 1048.1 |
               +--------+--------+--------+--------+--------+-----+--------+

Top non-repeatable levels by time:
     D:6: 2012 daAuts
     D:8: 1594 daAuts
     D:7: 1373 daAuts
     D:2: 1312 daAuts
     D:5: 1085 daAuts
     D:4: 894 daAuts
     D:1: 638 daAuts
     D:3: 433 daAuts
     D:9: 88 daAuts
